 Dungeon Crawl Stone Soup version 0.31-a0-214-gb37851dbb3 (webtiles) character file.

Game seed: 2511243313372317136

284 qw the Chopper (level 6, -3/38 HPs)
             Began as a Gargoyle Fighter on July 1, 2023.
             Killed by divine providence
             ... invoked by an orc priest
              (10 damage)
             ... on level 4 of the Dungeon.
             The game lasted 00:01:49 (2758 turns).

qw the Chopper (Gargoyle Fighter)                   Turns: 2758, Time: 00:01:50

Health: -3/38      AC: 21    Str: 21    XL:     6   Next: 29%
Magic:  6/6        EV: 10    Int:  9    God:
Gold:   133        SH:  4    Dex:  9    Spells: 5/5 levels left

rFire   . . .        Y - +1 war axe
rCold   . . .        c - +0 buckler
rNeg    + . .        t - +3 ring mail
rPois   inf          s - +0 helmet
rElec   +            o - +2 cloak
rCorr   .            (no gloves)
SInv    .            (no boots)
Will    +....        (no amulet) Stlth
                     g - +4 ring of protection
HPRegen 0.26/turn    m - ring of willpower
MPRegen 0.10/turn

%: no passive effects
@: no status effects
A: sickness immunity, AC +4, negative energy resistance 1, electricity
resistance, torment resistance 1, petrification resistance
a: no special abilities


You were on level 4 of the Dungeon.
You visited 1 branch of the dungeon, and saw 4 of its levels.

You collected 133 gold pieces.


Innate Abilities, Weirdness & Mutations

You are immune to sickness and miasma.
Your stone body is resilient. (AC +4)
You are immune to poison.
You resist negative energy. (rN+)
You are resistant to electric shocks. (rElec)
You are resistant to unholy torment.
You are immune to petrification.


   Skills:
 - Level 4.1 Fighting
 - Level 5.3 Axes
 - Level 3.2 Armour
 + Level 0.8 Dodging
 - Level 3.2 Shields


You had 5 spell levels left.
You didn't know any spells.
Your spell library was empty.

Inventory:

Hand Weapons
 h - a +1 flail of protection
 Y - a +1 war axe (weapon)
Armour
 c - a +0 buckler (worn)
 o - a +2 cloak (worn)
 s - a +0 helmet (worn)
 t - a +3 ring mail (worn)
Jewellery
 b - a +6 ring of strength
 g - a +4 ring of protection (left hand)
 l - a ring of fire
 m - a ring of willpower (right hand)
 p - a +6 ring of dexterity
 r - a ring of resist corrosion
Scrolls
 a - 2 scrolls of identify
 k - a scroll of teleportation
Potions
 d - a potion of might
 e - a potion of enlightenment
 f - a potion of curing {unknown}
 i - a potion of berserk rage {unknown}
 j - a potion of lignification {unknown}
 n - a potion of attraction
 q - a potion of brilliance {unknown}

Dungeon Overview and Level Annotations

Branches:
Dungeon (4/15)
 Temple: D:4-7

Altars:
Trog
The Shining One


Message History

An orc priest comes into view. It is wielding a +0 club.
2747 ||| Stepping ~*~*~tactically~*~*~ (stealth).
The orc misses you.
You closely miss the orc. The orc hits you but does no damage.
You closely miss the orc.
The orc priest shouts!
The orc barely misses you.
You closely miss the orc.
An orc priest comes into view. It is wielding a +0 falchion.
An endoplasm comes into view.
The orc hits you but does no damage.
The orc priest looks braver for a moment.
The orc hits you but does no damage.
You barely miss the orc. The orc hits you but does no damage.
You closely miss the orc. The orc hits you but does no damage.
You hit the orc.
The orc is moderately wounded.
The orc hits you but does no damage.
You barely miss the orc.
The orc is moderately wounded.
The orc hits you with a +0 dagger.
The orc priest mumbles some strange prayers to Beogh against you.
Beogh smites you! The orc hits you but does no damage.
You slash the orc!
You kill the orc!
The orc priest mumbles some strange prayers to Beogh against you.
Beogh smites you!
You closely miss the orc. You block the orc's attack.
The orc priest looks satisfied for a moment.
You hit the orc but do no damage. The orc hits you but does no damage.
The orc priest mumbles some strange prayers to Beogh against you.
Beogh smites you! The orc hits you but does no damage.
The orc priest calls down the wrath of Beogh upon you.
Beogh smites you!
You die...

..o......# ........#
....... ##### ?.... #...#
.o. ###...#### #J#
#........# #o# #.######.#
#o# #.##.#.#.# #@#
#....#.#.# #.# ..####...#.#
#.########## ..#
####.#.#####........... ..#
#........)....#########
..###.............'.......
..................#######.#
..##.......................
..##..............####.##.#


You could see 2 orc priests, an orc and an endoplasm.

Vanquished Creatures
  A phantom (D:4)
  A scorpion (D:4)
  A sleepcap (D:4)
  2 adders (D:2)
  3 worms (D:2)
  A dart slug (D:1)
  2 orcs
  11 ball pythons
  13 endoplasms
  3 giant cockroaches (D:1)
  6 goblins
  9 hobgoblins
  4 jackals (D:1)
  4 quokkas
  11 bats
  6 frilled lizards
  7 kobolds
  6 rats
91 creatures vanquished.

Notes
Turn   | Place    | Note
-------+----------+-------------------------------------------
     0 | D:1      | qw the Gargoyle Fighter began the quest for the Orb.
     0 | D:1      | Reached XP level 1. HP: 14/14 MP: 1/1
     0 | D:1      | 0 ||| qw: Version: 0.3-a-32-g5962c71
     0 | D:1      | 0 ||| qw: Game counter: 7456
     0 | D:1      | 0 ||| qw: Melee chars always use a shield: true
     0 | D:1      | 0 ||| qw: God list: Okawaru
     0 | D:1      | 0 ||| qw: Allow faded altars: false
     0 | D:1      | 0 ||| qw: Do Orc after clearing Dungeon:15 true
     0 | D:1      | 0 ||| qw: Do second Lair branch before Depths: true
     0 | D:1      | 0 ||| qw: Lair rune preference: random
     0 | D:1      | 0 ||| qw: Goals: Normal, Zot:1-4, Slime:5, God:TSO, Crypt,
                  | Tomb, Abyss, Pan, Hells, Win
     0 | D:1      | 0 ||| PLANNING D:1-11
   109 | D:1      | Reached skill level 2 in Axes
   131 | D:1      | Reached XP level 2. HP: 18/19 MP: 2/2
   138 | D:1      | 138 ||| Stepping ~*~*~tactically~*~*~ (stealth).
   141 | D:1      | 141 ||| Stepping ~*~*~tactically~*~*~ (stealth).
   185 | D:1      | 185 ||| Stepping ~*~*~tactically~*~*~ (stealth).
   186 | D:1      | 186 ||| Stepping ~*~*~tactically~*~*~ (stealth).
   191 | D:1      | 191 ||| Stepping ~*~*~tactically~*~*~ (stealth).
   200 | D:1      | 200 ||| Stepping ~*~*~tactically~*~*~ (stealth).
   201 | D:1      | 201 ||| Stepping ~*~*~tactically~*~*~ (stealth).
   202 | D:1      | 202 ||| Stepping ~*~*~tactically~*~*~ (stealth).
   232 | D:1      | 232 ||| Stepping ~*~*~tactically~*~*~ (stealth).
   233 | D:1      | 233 ||| Stepping ~*~*~tactically~*~*~ (stealth).
   234 | D:1      | 234 ||| Stepping ~*~*~tactically~*~*~ (stealth).
   239 | D:1      | Reached skill level 3 in Axes
   244 | D:1      | 244 ||| Stepping ~*~*~tactically~*~*~ (stealth).
   262 | D:1      | Reached XP level 3. HP: 23/23 MP: 3/3
   359 | D:1      | 359 ||| Stepping ~*~*~tactically~*~*~ (stealth).
   442 | D:1      | Found a faded altar of an unknown god.
   621 | D:1      | 621 ||| Stepping ~*~*~tactically~*~*~ (stealth).
   623 | D:1      | 623 ||| Stepping ~*~*~tactically~*~*~ (stealth).
   719 | D:1      | 719 ||| UPGRADING to +0 cloak.
   724 | D:1      | 724 ||| UPGRADING to +4 ring of protection.
   725 | D:1      | 725 ||| UPGRADING to ring of willpower.
   726 | D:1      | 726 ||| READING 3 scrolls labelled JUIKKA BEZU.
   727 | D:1      | 727 ||| READING scroll labelled XYCLAN VASEMEF.
   728 | D:1      | 728 ||| READING 3 scrolls labelled JIAKLI VIDIME.
   729 | D:1      | 729 ||| READING scroll labelled NAUNITTUMM.
   734 | D:1      | 734 ||| READING scroll labelled ZIOFEI NIUBIDGH.
   735 | D:1      | 735 ||| DRINKING 4 fuming red potions.
   736 | D:1      | 736 ||| READING 2 scrolls of identify.
   736 | D:1      | 736 ||| IDENTIFYING bubbling clear potion
   737 | D:1      | 737 ||| DROPPING 2 scrolls of amnesia.
   738 | D:1      | 738 ||| DROPPING 3 potions of degeneration.
   817 | D:2      | Reached XP level 4. HP: 27/28 MP: 4/4
   902 | D:2      | 902 ||| Stepping ~*~*~tactically~*~*~ (stealth).
   903 | D:2      | 903 ||| Stepping ~*~*~tactically~*~*~ (stealth).
   944 | D:2      | Reached skill level 4 in Axes
  1025 | D:2      | Found a bloodstained altar of Trog.
  1075 | D:2      | 1075 ||| DROPPING +0 club.
  1253 | D:2      | 1253 ||| READING scroll of enchant armour.
  1253 | D:2      | 1253 ||| ENCHANTING +0 cloak.
  1485 | D:2      | 1485 ||| READING scroll of enchant armour.
  1485 | D:2      | 1485 ||| ENCHANTING +1 cloak.
  1640 | D:2      | 1640 ||| Stepping ~*~*~tactically~*~*~ (stealth).
  1696 | D:2      | 1696 ||| READING scroll labelled POWIYKLILYD.
  1697 | D:2      | 1697 ||| READING scroll labelled GEYMAULYSI.
  1698 | D:2      | 1698 ||| READING 2 scrolls of identify.
  1698 | D:2      | 1698 ||| IDENTIFYING amethyst potion
  1699 | D:2      | 1699 ||| DROPPING potion of ambrosia.
  1747 | D:3      | 1747 ||| Stepping ~*~*~tactically~*~*~ (stealth).
  1865 | D:3      | Reached XP level 5. HP: 32/32 MP: 5/5
  1908 | D:3      | 1908 ||| Stepping ~*~*~tactically~*~*~ (stealth).
  1914 | D:3      | 1914 ||| Stepping ~*~*~tactically~*~*~ (stealth).
  2122 | D:3      | Found a glowing golden altar of the Shining One.
  2460 | D:3      | 2460 ||| UPGRADING to +0 helmet.
  2465 | D:3      | 2465 ||| UPGRADING to +3 ring mail.
  2475 | D:3      | 2475 ||| DROPPING +0 scale mail.
  2476 | D:3      | 2476 ||| READING 2 scrolls of identify.
  2476 | D:3      | 2476 ||| IDENTIFYING bubbling blue potion
  2510 | D:4      | Noticed a phantom
  2531 | D:4      | Killed a phantom
  2532 | D:4      | Reached skill level 5 in Axes
  2532 | D:4      | 2532 ||| FLEEEEING.
  2533 | D:4      | 2533 ||| FLEEEEING.
  2534 | D:4      | 2534 ||| FLEEEEING.
  2539 | D:4      | 2539 ||| STAIRDANCE
  2626 | D:4      | Reached XP level 6. HP: 34/38 MP: 6/6
  2744 | D:4      | 2744 ||| Stepping ~*~*~tactically~*~*~ (stealth).
  2745 | D:4      | 2745 ||| Stepping ~*~*~tactically~*~*~ (stealth).
  2747 | D:4      | 2747 ||| Stepping ~*~*~tactically~*~*~ (stealth).
  2758 | D:4      | HP: 7/38 [orc priest/divine providence (9)]
  2758 | D:4      | Killed from afar by an orc priest

Levels and vault maps discovered:
D:1:      denvon_arrival_hothouse, layout_rooms, basic_ecumenical_altar,
          st_stairs_11, minmay_hexomino_c4
D:2:      layout_loops_corners, basic_altar, minmay_tripent
D:3:      minmay_evil_eye, layout_basic, mainiacjoe_overflow_paths
D:4:      layout_basic, mainiacjoe_overflow_alcove_1, bloody_trog,
          nicolae_uskayaw_dance_hall

Skill      XL: |  1  2  3  4  5 |
---------------+----------------+-----
Axes           | 2 3 4 5 |  5.3
Fighting       | 4 |  4.1
Armour         | |  3.2
Dodging        | |  0.8
Shields        | |  3.2

Action                     |  1- 3 |  4- 6 || total
---------------------------+-------+-------++-------
  Melee: War axe           |   127 |   159 ||   286
    Use: Scroll            |     6 |     6 ||    12
         Potion            |     1 |       ||     1
 Armour: Scale mail        |    60 |    65 ||   125
         Ring mail         |       |    23 ||    23
  Dodge: Dodged            |    82 |    65 ||   147
  Block: Buckler           |    29 |    22 ||    51

Table legend:
 A = Non-vault XP
 B = Vault XP
 C = Vault XP percentage of total XP
 D = Non-vault monster count
 E = Vault monster count
 F = Vault count percentage of total count
                 A         B        C        D         E       F
            +---------+---------+-------+---------+---------+-------
      Total |     366 |      40 |   9.9 |      75 |      16 |  17.6
            +---------+---------+-------+---------+---------+-------
        D:1 |      60 |      18 |  23.1 |      34 |      10 |  22.7
        D:2 |      58 |      16 |  21.6 |      23 |       2 |   8.0
        D:3 |      21 |       6 |  22.2 |      12 |       4 |  25.0
        D:4 |     227 |       0 |   0.0 |       6 |       0 |   0.0
            +---------+---------+-------+---------+---------+-------
